 Dungeon Crawl Stone Soup version 0.27-a0-1154-gfdeffcb720 (webtiles) character file.

Game seed: 12217090430967884237

960 polve the Distorting Demonspawn (level 7, 0/56 HPs)
             Began as a Demonspawn Abyssal Knight on May 14, 2021.
             Was a Believer of Lugonu.
             Slain by a vampire (10 damage)
             ... on level 6 of the Dungeon.
             The game lasted 00:05:23 (6480 turns).

polve the Distorting Demonspawn (DsAK)              Turns: 6480, Time: 00:05:24

Health: 0/56       AC: 11    Str: 15    XL:     7   Next: 92%
Magic:  13/13      EV:  7    Int: 13    God:    Lugonu [**....]
Gold:   243        SH:  0    Dex: 12    Spells: 6/6 levels left

rFire    . . .     SeeInvis .   a - +1 short sword
rCold    . . .     Faith    .   (no shield)
rNeg     . . .     Spirit   .   j - +0 chain mail
rPois    .         Reflect  .   (no helmet)
rElec    .         Harm     .   l - +0 cloak
rCorr    .         Rampage  .   (no gloves)
Will     .....                  (no boots)
Stlth    ..........             (no amulet)
HPRegen  0.18/turn              (no ring)
MPRegen  0.13/turn              (no ring)

@: mighty
A: talons 1, rugged brown scales 1, ignite blood 1
a: Renounce Religion, Depart the Abyss, Bend Space


You were on level 6 of the Dungeon.
You worshipped Lugonu.
Lugonu was pleased with you.
You visited 1 branch of the dungeon, and saw 6 of its levels.
You visited the Abyss 1 time.

You collected 243 gold pieces.

Inventory:

Hand Weapons
 a - a +1 short sword (weapon)
Missiles
 i - a throwing net
Armour
 b - a +0 pair of gloves
 j - a +0 chain mail (worn)
 l - a +0 cloak (worn)
Jewellery
 u - an amulet of magic regeneration
Scrolls
 c - 4 scrolls of enchant armour {unknown}
 d - 2 scrolls of vulnerability
 h - a scroll of torment
 k - 2 scrolls of amnesia
 n - 3 scrolls of enchant weapon {unknown}
 o - 2 scrolls of identify
 q - a scroll of magic mapping {unknown}
 r - a scroll of teleportation {unknown}
 t - a scroll of fog {unknown}
Potions
 e - 2 potions of ambrosia {unknown}
 f - 2 potions of flight
 p - a potion of invisibility {unknown}
 s - 3 potions of haste {unknown}


   Skills:
 + Level 4.3 Fighting
 - Level 4.0 Short Blades
 - Level 3.6 Armour
 + Level 2.9 Dodging
 - Level 8.0 Invocations


You had 6 spell levels left.
You didn't know any spells.
Your spell library contained the following spells:

 Spells                   Type           Power      Damage    Failure   Level
 Corona                   Hex            0%         N/A       99%         1
 Ensorcelled Hibernation  Hex/Ice        0%         N/A       100%        2
 Confusing Touch          Hex            0%         N/A       100%        3
 Dazzling Flash           Conj/Hex       0%         N/A       100%        3
 Tukima's Dance           Hex            0%         N/A       100%        3


Dungeon Overview and Level Annotations

Branches:
Dungeon (6/15)
 Temple: D:4-7

Altars:
Cheibriados
Kikubaaqudgha

Shops:
D:1 *


Innate Abilities, Weirdness & Mutations

You have sharp toenails.
You are partially covered in rugged brown scales. (AC +1, +3% HP)
Your demonic aura sometimes causes spilled blood to erupt in flames.


Message History

You feel very mighty all of a sudden.
The vampire hits you but does no damage.
The vampire bites you!
The vampire draws strength from your injuries!
You hit the vampire.
The vampire is lightly damaged.
You closely miss the vampire. Your kick misses the vampire.
The vampire is lightly damaged.
The vampire points at itself and mumbles some strange words.
The vampire flickers and vanishes!
Deactivating autopickup; reactivate with Ctrl-A.
You hit something but do no damage. Your kick misses something.
Something hits you! Something bites you but does no damage.
You hit something. Your kick misses something. Something hits you.
Something bites you.
Something draws strength from your injuries!
You closely miss something. Something hits you.
Something bites you but does no damage.
You closely miss something. Something hits you.
Something bites you but does no damage.
Your chain mail prevents you from hitting something.
Something hits you. Something bites you.
Something draws strength from your injuries!
You closely miss something. Something hits you but does no damage.
Something bites you but does no damage.
You closely miss something. Something hits you but does no damage.
Something bites you.
Something draws strength from your injuries!
You hit something. Something hits you!
* * * LOW HITPOINT WARNING * * *
Something bites you.
* * * LOW HITPOINT WARNING * * *
Something draws strength from your injuries!
You feel better. Something hits you.
* * * LOW HITPOINT WARNING * * *
Something bites you but does no damage.
You feel better. Something hits you!
* * * LOW HITPOINT WARNING * * *
Something bites you!
You die...

+# .# .#
##.######
##.......#
.........
#(#####....#
.......@...#
#$#####{......#
##.###### .# .#
.# .# .#


There were no monsters in sight!

Vanquished Creatures
  Sigmund (D:2)
  A sky beast (D:5)
  A necrophage (D:5)
  3 phantoms
  A hound (D:5)
  3 jellies
  Jessica (D:2)
  An iguana (D:4)
  Natasha (thrice) (D:2)
  An orc wizard (D:3)
  A hound zombie (D:5)
  3 adders
  A howler monkey skeleton (D:5)
  A white imp (D:5)
  An adder skeleton (D:5)
  2 worms
  2 dart slugs
  8 orcs
  6 endoplasms (D:1)
  3 giant cockroaches (D:1)
  3 goblins
  7 hobgoblins
  2 jackals (D:5)
  2 kobolds
  5 quokkas
  5 ball pythons
  7 bats
  3 frilled lizards (D:1)
  4 rats
82 creatures vanquished.

Notes
Turn   | Place    | Note
-------+----------+-------------------------------------------
     0 | Abyss:1  | polve the Demonspawn Abyssal Knight began the quest for the
                  | Orb.
     0 | Abyss:1  | Reached XP level 1. HP: 18/18 MP: 2/2
    86 | Abyss:1  | Noticed a tentacled starspawn
    87 | D:1      | Escaped the Abyss
   235 | D:1      | Found Sacs's General Store.
   300 | D:1      | Reached * piety under Lugonu
   303 | D:1      | Gained mutation: You are partially covered in rugged brown
                  | scales. (AC +1, +3% HP) [demonic ancestry]
   303 | D:1      | Reached XP level 2. HP: 10/24 MP: 3/3
  1253 | D:1      | Reached XP level 3. HP: 13/29 MP: 4/4
  1602 | D:2      | Noticed Sigmund
  1613 | D:2      | Killed Sigmund
  1614 | D:2      | Reached XP level 4. HP: 13/36 MP: 5/5
  1614 | D:2      | Gained mutation: Your demonic aura sometimes causes spilled
                  | blood to erupt in flames. [demonic ancestry]
  1614 | D:2      | Reached XP level 5. HP: 15/42 MP: 6/6
  1974 | D:2      | Noticed Jessica
  1978 | D:2      | Killed Jessica
  1979 | D:2      | Reached skill level 3 in Invocations
  2066 | D:2      | Noticed Natasha
  2088 | D:2      | Killed Natasha
  2105 | D:2      | Reached skill level 4 in Invocations
  2209 | D:2      | Noticed Natasha
  2227 | D:2      | Killed Natasha
  2275 | D:2      | Noticed Natasha
  2540 | D:2      | Killed Natasha
  2541 | D:2      | Reached XP level 6. HP: 44/48 MP: 9/9
  2937 | D:3      | Reached ** piety under Lugonu
  2988 | D:3      | Reached skill level 5 in Invocations
  3840 | D:4      | Found a snail-covered altar of Cheibriados.
  4031 | D:4      | Reached skill level 6 in Invocations
  4386 | D:4      | Reached skill level 7 in Invocations
  4386 | D:4      | Gained mutation: You have sharp toenails. [demonic
                  | ancestry]
  4386 | D:4      | Reached XP level 7. HP: 21/53 MP: 12/12
  4598 | D:4      | Found an ancient bone altar of Kikubaaqudgha.
  4951 | D:5      | Entered Level 5 of the Dungeon
  5524 | D:5      | Reached skill level 8 in Invocations
  5524 | D:5      | Reached skill level 1 in Dodging
  6467 | D:6      | Noticed a vampire
  6480 | D:6      | Slain by a vampire

Illustrated notes

Levels and vault maps discovered:
D:1:      dpeg_arrival_three_smaller_balls, layout_basic, serial_shops,
          nicolae_shop_stone, minmay_tetromino_t4
D:2:      layout_basic, uniq_natasha, uniq_sigmund, uniq_jessica
D:3:      layout_basic, kennysheep_big_empty_room
D:4:      layout_cave_pools, amcnicky_altar_gilded, lemuel_crystal_altar,
          kennysheep_generic_room_10
D:5:      layout_rooms, minmay_misc_feat_four_crosses
D:6:      layout_loops_corners, old_standard_altar,
          nicolae_overflow_crystal_walls, minmay_temple_entry_gardened_gates,
          enter_ossuary_5

Skill      XL: |  1  2  3  4  5  6  7 |
---------------+----------------------+-----
Short Blades   | 2 3 4 |  4.0
Armour         | 3 |  3.6
Invocations    | 4 7 8 |  8.0
Dodging        | 2 |  2.9
Fighting       | 4 |  4.3

Action                   |  1- 3 |  4- 6 |  7- 9 || total
-------------------------+-------+-------+-------++-------
Melee: Short sword       |   100 |   278 |   177 ||   555
       Kick              |       |       |    41 ||    41
Invok: Depart the Abyss  |     1 |       |       ||     1
  Use: Potion            |     3 |       |     3 ||     6
       Scroll            |       |     4 |       ||     4
 Stab: Sleeping          |     2 |       |       ||     2
Armor: Leather armour    |    29 |       |       ||    29
       Chain mail        |     4 |   188 |    98 ||   290
Dodge: Dodged            |    47 |    66 |    37 ||   150

Table legend: (Time is in decaauts)
 A = Elapsed time spent in this place.
 B = Non-inter-level travel time spent in this place.
 C = Inter-level travel time spent in this place.
 D = Time resting spent in this place.
 E = Time spent auto-exploring this place.
 F = Levels seen in this place.
 G = Mean time per level.
                   A        B        C        D        E       F      G
               +--------+--------+--------+--------+--------+-----+--------+
         Total |   6471 |   6273 |    198 |      0 |   5400 |   7 |  924.4 |
       Dungeon |   6384 |   6186 |    198 |      0 |   5317 |   6 | 1064.0 |
         Abyss |     87 |     87 |      0 |      0 |     83 |   1 |   87.0 |
               +--------+--------+--------+--------+--------+-----+--------+

Top non-repeatable levels by time:
     D:1: 1514 daAuts
     D:5: 1259 daAuts
     D:4: 1243 daAuts
     D:3: 1211 daAuts
     D:2: 1144 daAuts
 Abyss:1: 87 daAuts
     D:6: 11 daAuts
